 Dungeon Crawl Stone Soup version 0.21-a0-582-g1b93aee (webtiles) character file.

2536 mopl the Fighter (level 9, -11/77 HPs)
             Began as a Gnoll Wanderer on Dec 19, 2017.
             Was a Follower of Ru.
             Mangled by a two-headed ogre
             ... wielding a +0 giant club
              (20 damage)
             ... on level 8 of the Dungeon.
             The game lasted 00:14:52 (8736 turns).

mopl the Fighter (Gnoll Wanderer)                   Turns: 8736, Time: 00:14:53

Health: -11/77     AC: 13    Str: 18      XL:     9   Next: 55%
Magic:  15/15      EV:  9    Int: 14      God:    Ru [*.....]
Gold:   432        SH:  0    Dex:  9 (15) Spells: 16/16 levels left

rFire    . . .     SeeInvis .   t - +1 long sword
rCold    . . .     Gourm    .   (no shield)
rNeg     . . .     Faith    .   B - +0 chain mail
rPois    .         Spirit   .   n - +1 helmet
rElec    .         Reflect  .   (no cloak)
rCorr    .         Harm     .   I - +0 pair of gloves
MR       .....                  (no boots)
Stlth    ..........             (no amulet)
HPRegen  0.22/turn              A - ring of stealth
MPRegen  0.14/turn              (no ring)

@: no status effects
A: distributed training, fangs 1, screaming 1, missing an eye, strong nose
a: Renounce Religion


You were on level 8 of the Dungeon.
You worshipped Ru.
Ru was aware of your devotion.
You were near starving.

You visited 2 branches of the dungeon, and saw 9 of its levels.

You collected 432 gold pieces.

Inventory:

Hand Weapons
 a - a +2 short sword
 t - a +1 long sword (weapon)
 u - a +0 shortbow
 v - a +0 trident
 J - a +3 blowgun
 K - a +0 shortbow of freezing
Missiles
 e - 7 javelins (quivered)
 f - 149 stones
 l - 52 bolts
 o - 130 arrows
 p - 5 tomahawks
 s - 67 sling bullets
 w - 49 poisoned needles
 H - 3 throwing nets
Armour
 b - a cursed +0 plate armour
 n - a +1 helmet (worn)
 B - a +0 chain mail (worn)
 I - a +0 pair of gloves (worn)
Jewellery
 A - a ring of stealth (left hand)
Wands
 y - a wand of enslavement (13)
 F - a wand of digging (17)
Scrolls
 g - a scroll of amnesia
 i - 3 scrolls of remove curse
 r - a scroll of blinking {unknown}
 z - a scroll of immolation
 C - a scroll of fear {unknown}
 D - 4 scrolls of noise {unknown}
 E - a scroll of teleportation
 L - a scroll of magic mapping {unknown}
Potions
 c - 2 potions of curing
 h - 2 potions of heal wounds
 j - a potion of berserk rage {!q}
 k - 2 potions of might
 m - 2 potions of agility
 q - a potion of lignification {unknown}
 x - a potion of cancellation {unknown}
 G - a potion of invisibility {unknown}
Comestibles
 d - 16 rations


   Skills:
 + Level 9.5 Fighting
 + Level 5.0 Short Blades
 + Level 4.2 Long Blades
 + Level 5.0 Axes
 + Level 4.2 Maces & Flails
 + Level 4.2 Polearms
 + Level 4.2 Staves
 + Level 4.2 Slings
 + Level 4.2 Bows
 + Level 4.2 Crossbows
 + Level 6.3 Throwing
 + Level 6.3 Armour
 + Level 4.2 Dodging
 + Level 4.2 Stealth
 + Level 4.2 Shields
 + Level 4.2 Unarmed Combat
 + Level 4.2 Spellcasting
 + Level 3.5 Conjurations
 + Level 3.5 Hexes
 + Level 3.5 Charms
 + Level 3.5 Summonings
 + Level 3.5 Necromancy
 + Level 3.5 Translocations
 + Level 3.5 Transmutations
 + Level 3.5 Fire Magic
 + Level 3.5 Ice Magic
 + Level 3.5 Air Magic
 + Level 3.5 Earth Magic
 + Level 3.5 Poison Magic
 + Level 4.7 Invocations
 + Level 4.2 Evocations


You had 16 spell levels left.
You didn't know any spells.

Dungeon Overview and Level Annotations

Branches:
Dungeon (8/15)             Temple (1/1) D:4
   Lair: D:8-11

Altars:
Dithmenos
Gozag
Hepliaklqana
Makhleb
Nemelex Xobeh
Okawaru
Qazlal
Ru
Sif Muna
Zin
The Shining One

Annotations:
D:8 Joseph


Innate Abilities, Weirdness & Mutations

Your experience applies equally to all skills.
You have very sharp teeth.
You occasionally shout uncontrollably at your foes.
You are missing an eye, making it more difficult to aim.
Your uncanny sense of smell can sniff out nearby items.


Message History

The centaur hits you but does no damage.
Your chain mail prevents you from hitting the two-headed ogre.
The centaur hits you.
* * * LOW HITPOINT WARNING * * *
The two-headed ogre barely misses you. x2
Unknown command.
You slash the two-headed ogre!
The two-headed ogre is lightly wounded.
You are near starving!
The centaur hits you.
* * * LOW HITPOINT WARNING * * *
You hit the two-headed ogre but do no damage.
You punch the two-headed ogre, but do no damage.
You bite the two-headed ogre, but do no damage.
The two-headed ogre is lightly wounded.
The centaur barely misses you. The two-headed ogre closely misses you.
You riposte.
You slash the two-headed ogre!
The two-headed ogre is moderately wounded.
The two-headed ogre hits you with a giant club!!
You die...

.# #.### .O# .....# ....
..##.###..# ....
#.....###.. ....#
##..O$..# #.## ....#
##.......###..## .....#
#...<..........###.....#
#.........###Oc<.[.....#
#......>..###@..<.######
#>........#..(...##
#...........#.####
..............#
##.........#...#
#.........#.!.# ...
#...# .> #####


You could see a two-headed ogre and a centaur.

Vanquished Creatures
  Sigmund (D:5)
  2 yaks (D:5)
  Menkaure (D:7)
  A sky beast (D:7)
  2 phantoms
  A necrophage (D:7)
  4 ogres
  2 centaurs
  A big kobold (D:7)
  A bullfrog (D:8)
  A scorpion (D:4)
  A wight (D:7)
  2 centaur zombies
  A quasit (D:8)
  2 hounds
  A centaur skeleton (D:6)
  5 orc priests
  An iguana (D:6)
  9 orc wizards
  2 worker ants (D:4)
  2 hound skeletons
  8 adders
  4 gnolls (D:7)
  2 shadow imps
  2 oozes (D:2)
  4 worms
  2 dart slugs
  7 leopard geckos
  9 orcs
  8 giant cockroaches
  8 goblins
  7 hobgoblins
  7 jackals
  6 quokkas
  A ball python (D:6)
  12 bats
  7 frilled lizards
  A jackal zombie (D:6)
  13 kobolds
  A quokka skeleton (D:6)
  9 rats
161 creatures vanquished.

Vanquished Creatures (collateral kills)
  A bullfrog (D:8)
  A crimson imp (D:6)
  An orc wizard (D:6)
  An orc (D:6)
4 creatures vanquished.

Vanquished Creatures (others)
  3 yaks (D:5)
3 creatures vanquished.

Grand Total: 168 creatures vanquished

Notes
Turn   | Place    | Note
-------+----------+-------------------------------------------
     0 | D:1      | mopl the Gnoll Wanderer began the quest for the Orb.
     0 | D:1      | mopl set off with: a +2 short sword, a +0 ring mail, a potion of curing, a ration
     0 | D:1      | Reached XP level 1. HP: 26/26 MP: 1/1
    89 | D:1      | Reached XP level 2. HP: 24/33 MP: 2/2
   379 | D:1      | Reached XP level 3. HP: 37/38 MP: 3/3
   580 | D:1      | Reached skill level 1 in Invocations
   636 | D:2      | Reached skill level 1 in Long Blades
   636 | D:2      | Reached skill level 1 in Maces & Flails
   636 | D:2      | Reached skill level 1 in Polearms
   636 | D:2      | Reached skill level 1 in Staves
   636 | D:2      | Reached skill level 1 in Slings
   636 | D:2      | Reached skill level 1 in Bows
   636 | D:2      | Reached skill level 1 in Crossbows
   636 | D:2      | Reached skill level 1 in Dodging
   636 | D:2      | Reached skill level 1 in Stealth
   636 | D:2      | Reached skill level 1 in Shields
   636 | D:2      | Reached skill level 1 in Unarmed Combat
   636 | D:2      | Reached skill level 1 in Spellcasting
   636 | D:2      | Reached skill level 1 in Evocations
   636 | D:2      | Reached XP level 4. HP: 45/45 MP: 5/5
   783 | D:2      | Reached skill level 1 in Conjurations
   783 | D:2      | Reached skill level 1 in Hexes
   783 | D:2      | Reached skill level 1 in Charms
   783 | D:2      | Reached skill level 1 in Summonings
   783 | D:2      | Reached skill level 1 in Necromancy
   783 | D:2      | Reached skill level 1 in Translocations
   783 | D:2      | Reached skill level 1 in Transmutations
   783 | D:2      | Reached skill level 1 in Fire Magic
   783 | D:2      | Reached skill level 1 in Ice Magic
   783 | D:2      | Reached skill level 1 in Air Magic
   783 | D:2      | Reached skill level 1 in Earth Magic
   783 | D:2      | Reached skill level 1 in Poison Magic
  1057 | D:2      | Reached XP level 5. HP: 51/51 MP: 6/6
  1917 | D:3      | Reached skill level 3 in Short Blades
  1917 | D:3      | Reached skill level 3 in Axes
  2296 | D:4      | Reached XP level 6. HP: 46/57 MP: 8/8
  2342 | D:4      | Found a staircase to the Ecumenical Temple.
  2353 | Temple   | Entered the Ecumenical Temple
  2362 | Temple   | Became a worshipper of Ru the Awakened
  2475 | D:4      | Reached skill level 2 in Invocations
  2711 | D:4      | Noticed a phantom
  2738 | D:4      | Killed a phantom
  2738 | D:4      | Reached skill level 2 in Long Blades
  2738 | D:4      | Reached skill level 2 in Maces & Flails
  2738 | D:4      | Reached skill level 2 in Polearms
  2738 | D:4      | Reached skill level 2 in Staves
  2738 | D:4      | Reached skill level 2 in Slings
  2738 | D:4      | Reached skill level 2 in Bows
  2738 | D:4      | Reached skill level 2 in Crossbows
  2738 | D:4      | Reached skill level 5 in Throwing
  2738 | D:4      | Reached skill level 5 in Armour
  2738 | D:4      | Reached skill level 2 in Dodging
  2738 | D:4      | Reached skill level 2 in Stealth
  2738 | D:4      | Reached skill level 2 in Shields
  2738 | D:4      | Reached skill level 2 in Unarmed Combat
  2738 | D:4      | Reached skill level 2 in Spellcasting
  2738 | D:4      | Reached skill level 2 in Evocations
  2774 | D:4      | Reached XP level 7. HP: 26/63 MP: 10/10
  3361 | D:5      | Entered Level 5 of the Dungeon
  3434 | D:5      | Reached skill level 2 in Conjurations
  3434 | D:5      | Reached skill level 2 in Hexes
  3434 | D:5      | Reached skill level 2 in Charms
  3434 | D:5      | Reached skill level 2 in Summonings
  3434 | D:5      | Reached skill level 2 in Necromancy
  3434 | D:5      | Reached skill level 2 in Translocations
  3434 | D:5      | Reached skill level 2 in Transmutations
  3434 | D:5      | Reached skill level 2 in Fire Magic
  3434 | D:5      | Reached skill level 2 in Ice Magic
  3434 | D:5      | Reached skill level 2 in Air Magic
  3434 | D:5      | Reached skill level 2 in Earth Magic
  3434 | D:5      | Reached skill level 2 in Poison Magic
  3847 | D:5      | Noticed a yak
  3847 | D:5      | Noticed a yak
  3848 | D:5      | Noticed a yak
  3858 | D:5      | Noticed a yak
  3863 | D:5      | Noticed a yak
  3865 | D:5      | Killed a yak
  3865 | D:5      | Reached skill level 9 in Fighting
  3865 | D:5      | Reached skill level 3 in Invocations
  3897 | D:5      | Killed a yak
  3897 | D:5      | Reached skill level 4 in Short Blades
  3897 | D:5      | Reached skill level 4 in Axes
  3897 | D:5      | Reached XP level 8. HP: 26/71 MP: 12/12
  4175 | D:5      | Noticed Sigmund
  4203 | D:5      | Killed Sigmund
  4203 | D:5      | Reached skill level 3 in Long Blades
  4203 | D:5      | Reached skill level 3 in Maces & Flails
  4203 | D:5      | Reached skill level 3 in Polearms
  4203 | D:5      | Reached skill level 3 in Staves
  4203 | D:5      | Reached skill level 3 in Slings
  4203 | D:5      | Reached skill level 3 in Bows
  4203 | D:5      | Reached skill level 3 in Crossbows
  4203 | D:5      | Reached skill level 3 in Dodging
  4203 | D:5      | Reached skill level 3 in Stealth
  4203 | D:5      | Reached skill level 3 in Shields
  4203 | D:5      | Reached skill level 3 in Unarmed Combat
  4203 | D:5      | Reached skill level 3 in Spellcasting
  4203 | D:5      | Reached skill level 3 in Evocations
  4621 | D:5      | Gained mutation: You are missing an eye, making it more difficult to aim. [Ru sacrifice]
  5431 | D:6      | Found a sacrificial altar of Ru.
  5771 | D:6      | Found a deep blue altar of Sif Muna.
  6070 | D:6      | Found an iron altar of Okawaru.
  6285 | D:6      | Reached skill level 4 in Invocations
  6297 | D:6      | Reached skill level 3 in Conjurations
  6297 | D:6      | Reached skill level 3 in Hexes
  6297 | D:6      | Reached skill level 3 in Charms
  6297 | D:6      | Reached skill level 3 in Summonings
  6297 | D:6      | Reached skill level 3 in Necromancy
  6297 | D:6      | Reached skill level 3 in Translocations
  6297 | D:6      | Reached skill level 3 in Transmutations
  6297 | D:6      | Reached skill level 3 in Fire Magic
  6297 | D:6      | Reached skill level 3 in Ice Magic
  6297 | D:6      | Reached skill level 3 in Air Magic
  6297 | D:6      | Reached skill level 3 in Earth Magic
  6297 | D:6      | Reached skill level 3 in Poison Magic
  6778 | D:7      | Reached XP level 9. HP: 74/76 MP: 14/14
  6790 | D:7      | Reached skill level 6 in Throwing
  6790 | D:7      | Reached skill level 6 in Armour
  7517 | D:8      | Noticed a two-headed ogre
  7524 | D:8      | Noticed a two-headed ogre
  7547 | D:7      | Reached skill level 4 in Long Blades
  7547 | D:7      | Reached skill level 4 in Maces & Flails
  7547 | D:7      | Reached skill level 4 in Polearms
  7547 | D:7      | Reached skill level 4 in Staves
  7547 | D:7      | Reached skill level 4 in Slings
  7547 | D:7      | Reached skill level 4 in Bows
  7547 | D:7      | Reached skill level 4 in Crossbows
  7547 | D:7      | Reached skill level 4 in Dodging
  7547 | D:7      | Reached skill level 4 in Stealth
  7547 | D:7      | Reached skill level 4 in Shields
  7547 | D:7      | Reached skill level 4 in Unarmed Combat
  7547 | D:7      | Reached skill level 4 in Spellcasting
  7547 | D:7      | Reached skill level 4 in Evocations
  8205 | D:7      | Gained mutation: You occasionally shout uncontrollably at your foes. [Ru sacrifice]
  8205 | D:7      | Reached * piety under Ru
  8226 | D:7      | Noticed Menkaure
  8236 | D:7      | Killed Menkaure
  8236 | D:7      | Reached skill level 5 in Short Blades
  8236 | D:7      | Reached skill level 5 in Axes
  8508 | D:8      | Noticed Joseph
  8736 | D:8      | Mangled by a two-headed ogre

Vault maps used:
D:1:      dpeg_arrival_ratfight
D:2:      serial_bayou_ford_a
D:3:      supply_closet_lemuel
D:4:      minmay_temple_entry_large_hall
D:5:      first_ration, serial_bayou_pond_b, uniq_sigmund
D:6:      overflow_temple_1_default, nicolae_overflow_crystal_walls,
          nicolae_ru_great_annihilating_truth
D:7:      grunt_ogre_cave, uniq_menkaure
D:8:      uniq_joseph
Temple:   lightli_temple_of_artemis

Skill      XL: |  1  2  3  4  5  6  7  8  9 |
---------------+----------------------------+-----
Invocations    | 1 2 3 4 |  4.7
Long Blades    | 1 2 3 4 |  4.2
Maces & Flails | 1 2 3 4 |  4.2
Polearms       | 1 2 3 4 |  4.2
Staves         | 1 2 3 4 |  4.2
Slings         | 1 2 3 4 |  4.2
Bows           | 1 2 3 4 |  4.2
Crossbows      | 1 2 3 4 |  4.2
Dodging        | 1 2 3 4 |  4.2
Stealth        | 1 2 3 4 |  4.2
Shields        | 1 2 3 4 |  4.2
Unarmed Combat | 1 2 3 4 |  4.2
Spellcasting   | 1 2 3 4 |  4.2
Evocations     | 1 2 3 4 |  4.2
Conjurations   | 1 2 3 |  3.5
Hexes          | 1 2 3 |  3.5
Charms         | 1 2 3 |  3.5
Summonings     | 1 2 3 |  3.5
Necromancy     | 1 2 3 |  3.5
Translocations | 1 2 3 |  3.5
Transmutations | 1 2 3 |  3.5
Fire Magic     | 1 2 3 |  3.5
Ice Magic      | 1 2 3 |  3.5
Air Magic      | 1 2 3 |  3.5
Earth Magic    | 1 2 3 |  3.5
Poison Magic   | 1 2 3 |  3.5
Short Blades   | 3 4 5 |  5.0
Axes           | 3 4 5 |  5.0
Throwing       | 5 6 |  6.3
Armour         | 5 6 |  6.3
Fighting       | 9 |  9.5

Action                   |  1- 3 |  4- 6 |  7- 9 || total
-------------------------+-------+-------+-------++-------
Melee: Short sword       |   117 |    62 |       ||   179
       Bite              |    16 |    27 |    79 ||   122
       Long sword        |       |   128 |   473 ||   601
       Punch             |       |     1 |     5 ||     6
       Trident           |       |       |    63 ||    63
 Fire: Shortbow          |       |       |    15 ||    15
Throw: Stone             |       |     2 |     6 ||     8
Invok: Sacrifice an Eye  |       |       |     1 ||     1
       Sacrifice Purity  |       |       |     1 ||     1
Evoke: Wand              |       |       |     8 ||     8
  Use: Scroll            |       |       |    11 ||    11
       Potion            |       |       |     1 ||     1
 Stab: Sleeping          |       |     2 |       ||     2
       Paralysed         |       |       |     1 ||     1
       Distracted        |       |       |     1 ||     1
  Eat: Chunk             |       |     6 |    19 ||    25
Armor: Ring mail         |    62 |    56 |       ||   118
       Chain mail        |       |    22 |   532 ||   554
Dodge: Dodged            |    82 |    98 |   310 ||   490
       Rpst.: Long sword |       |    20 |    64 ||    84

Table legend:
 A = Spawn XP
 B = Non-spawn XP
 C = Spawn XP percentage of total XP
 D = Spawn monster count
 E = Non-spawn monster count
 F = Spawn count percentage of total count
 G = Total turns spent on level
                    A         B        C        D         E        F      G
               +---------+---------+-------+---------+---------+-------+---------
         Total |       0 |    3623 |   0.0 |       0 |     166 |   0.0 |  8736
               +---------+---------+-------+---------+---------+-------+---------
           D:1 |       0 |      58 |   0.0 |       0 |      37 |   0.0 |   626
           D:2 |       0 |     111 |   0.0 |       0 |      26 |   0.0 |   610
           D:3 |       0 |      65 |   0.0 |       0 |      14 |   0.0 |   945
           D:4 |       0 |     571 |   0.0 |       0 |      18 |   0.0 |  1197
           D:5 |       0 |     963 |   0.0 |       0 |      13 |   0.0 |  2055
           D:6 |       0 |     508 |   0.0 |       0 |      25 |   0.0 |  1227
           D:7 |       0 |    1140 |   0.0 |       0 |      30 |   0.0 |  1985
           D:8 |       0 |     207 |   0.0 |       0 |       3 |   0.0 |    73
               +---------+---------+-------+---------+---------+-------+---------
